 Dungeon Crawl Stone Soup version 0.18-a0-1196-g09327cf (webtiles) character file.

182 4thArraOfDagon the Gusty (level 5, 0/39 HPs)
             Began as a Draconian Air Elementalist on Jan 29, 2016.
             Was an Initiate of Cheibriados.
             Killed by divine providence
             ... invoked by an orc priest
              (13 damage)
             ... on level 6 of the Dungeon.
             The game lasted 00:07:19 (1005 turns).

4thArraOfDagon the Gusty (DrAE)                     Turns: 1005, Time: 00:07:19

Health: 0/39       AC:  5    Str: 11    XL:     5   Next: 35%
Magic:  2/8        EV: 12    Int: 17    God:    Cheibriados [......]
Gold:   74         SH:  0    Dex: 13    Spells: 2 memorised, 5 levels left

rFire  . . .     SeeInvis .       - Unarmed
rCold  . . .     Gourm    .     (armour unavailable)
rNeg   . . .     Faith    .     (no shield)
rPois  .         Spirit   .     (helmet restricted)
rElec  .         Dismiss  .     (no cloak)
rCorr  .         Reflect  .     (no gloves)
SustAt .         Harm     .     (no boots)
MR     .....                    (no amulet)
Stlth  +.........               (no ring)
                                g - ring of loudness (curse)

@: repel missiles, very slow, not resistant to hostile enchantments, very
unstealthy
A: unfitting armour, cold-blooded, AC +5
a: Bend Time, Renounce Religion


You were on level 6 of the Dungeon.
You worshipped Cheibriados.
Cheibriados was noncommittal.
You were not hungry.

You visited 2 branches of the dungeon, and saw 7 of its levels.

You collected 74 gold pieces.

Inventory:

Hand Weapons
 k - a +1 long sword of draining
Armour
 i - a +0 pair of boots
Jewellery
 g - a cursed ring of loudness (left hand)
Scrolls
 c - 2 scrolls of amnesia
 e - a scroll of recharging
Potions
 d - a potion of cancellation
Books
 a - a book of Air

   Spells                             Type                      Level
   a - Shock                          Conjuration/Air              1
   b - Swiftness                      Charms/Air                   2
   c - Repel Missiles                 Charms/Air                   2
   d - Static Discharge               Conjuration/Air              3
   e - Lightning Bolt                 Conjuration/Air              5
Comestibles
 b - 2 bread rations
 f - a chunk of flesh
 h - a meat ration


   Skills:
 + Level 0.7 Fighting
 + Level 2.1 Dodging
 - Level 1.7 Stealth
 * Level 3.5 Unarmed Combat
 - Level 2.0 Spellcasting
 - Level 2.1 Conjurations
 - Level 3.6 Air Magic
 + Level 1.3 Invocations


You had 5 spell levels left.
You knew the following spells:

 Your Spells              Type           Power        Failure   Level  Hunger
a - Shock                 Conj/Air       ##..         10%         1    #......
b - Repel Missiles        Chrm/Air       #.....       17%         2    ###....


Dungeon Overview and Level Annotations

Branches:
Dungeon (6/15)             Temple (1/1) D:4

Altars:
Cheibriados
Dithmenos
Fedhas
Gozag
Kikubaaqudgha
Makhleb
Okawaru
Qazlal
Ru
Sif Muna
Trog
Xom
Yredelemnul
Zin

Shops:
D:5 }

Annotations:
D:2 Sigmund


Innate Abilities, Weirdness & Mutations

Your plain brown scales are hard (AC +5).
Your body does not fit into most forms of armour.
You are cold-blooded and may be slowed by cold attacks.


Message History

The worker ant barely misses you.
You barely miss the worker ant.
The worker ant is almost dead.
The worker ant closely misses you.
You hit the worker ant.
You kill the worker ant!
Cheibriados thoroughly appreciates the change of pace.
You see here a worker ant corpse.
You butcher the worker ant corpse.
f - 2 chunks of flesh Eat one of 2 chunks of flesh? (ye/n/q/i?) This raw flesh tastes terrible.
You continue eating. x2
Things that are here:
a dagger; a leather armour; an orc corpse 2 orcs and an orc priest come into view.
The orc priest shouts!
The orc shouts!
The orc priest invokes the aid of Beogh against you.
Something smites you!
You die...

########.... .......
#...........
.......######...........
.......#................
.......#................
.......#.)..............
.......#................
.......#.....###########
.......@.....#
.......#.....#
.......#.....#
.......#.....#
.......#.....#
.....o.#.....#
o.....o#.....# ..o...o
.....#


You could see an orc warrior (wandering), an orc priest, 2 orc wizards and an
orc.

Vanquished Creatures
  An orc wizard (D:4)
  A hound (D:6)
  Natasha (D:2)
  A worker ant (D:6)
  A gnoll (D:1)
  2 adders
  An ooze (D:5)
  2 giant geckos
  8 orcs
  A bat (D:1)
  2 giant cockroaches
  3 goblins
  2 hobgoblins (D:2)
  A jackal (D:6)
  3 kobolds
  A giant gecko zombie (D:5)
  A giant newt (D:1)
  2 rats (D:1)
34 creatures vanquished.

Notes
Turn   | Place    | Note
--------------------------------------------------------------
     0 | D:1      | 4thArraOfDagon the Draconian Air Elementalist began the quest for the Orb.
     0 | D:1      | Reached XP level 1. HP: 14/14 MP: 3/3
    45 | D:1      | Reached XP level 2. HP: 4/20 MP: 0/5
   253 | D:2      | Noticed Sigmund
   264 | D:2      | Reached XP level 3. HP: 15/26 MP: 3/6
   309 | D:2      | Noticed Natasha
   328 | D:2      | Killed Natasha
   328 | D:2      | Reached skill level 1 in Unarmed Combat
   347 | D:2      | Learned a level 2 spell: Repel Missiles
   359 | D:2      | Found a shadowy altar of Dithmenos.
   446 | D:4      | Found a staircase to the Ecumenical Temple.
   474 | D:4      | Reached XP level 4. HP: 11/33 MP: 0/7
   481 | Temple   | Entered the Ecumenical Temple
   519 | Temple   | Became a worshipper of Cheibriados the Contemplative
   630 | D:5      | Entered Level 5 of the Dungeon
   694 | D:5      | Found a sacrificial altar of Ru.
   705 | D:6      | Noticed a wyvern
   818 | D:5      | Found Lesam's Gadget Emporium.
   876 | D:6      | Noticed an ogre
   966 | D:6      | Reached skill level 1 in Invocations
   966 | D:6      | Reached XP level 5. HP: 8/39 MP: 2/8
  1005 | D:6      | Killed from afar by an orc priest

Vault maps used:
D:1:      minmay_arrival_split_and_join, st_stairs_3
D:2:      old_standard_altar, first_bread, uniq_sigmund, uniq_natasha
D:3:      grunt_pakellas_salt, fiery_altar_vehumet,
          gammafunk_temple_overflow_statue
D:4:      elyvilon_altar_3, minmay_temple_entry_statues_fountains
D:5:      nicolae_ru_awakened_eye, serial_shops, kennysheep_mini_moat,
          minmay_misc_feat_five, grunt_ministairs_12
D:6:      nemelex_xobeh_ov_fountains_minmay, fedhas_altar_1, uniq_edmund,
          uniq_prince_ribbit1
Temple:   circular_temple_12

Action                   |  1- 3 |  4- 6 || total
-------------------------+-------+-------++-------
Melee: Unarmed           |    33 |    98 ||   131
 Cast: Shock             |    26 |    17 ||    43
       Repel Missiles    |     1 |     1 ||     2
  Use: Scroll            |     4 |       ||     4
       Potion            |     2 |     2 ||     4
  Eat: Chunk             |       |     2 ||     2
